 Dungeon Crawl Stone Soup version 0.23.1 (webtiles) character file.

Game seed: 12363002493972184553

458 Kairos the Sneak (level 7, -5/35 HPs)
             Began as a Vine Stalker Assassin on Mar 17, 2019.
             Was a Follower of Uskayaw.
             Slain by a gnoll sergeant
             ... wielding a +0 trident
              (7 damage)
             ... on level 4 of the Dungeon.
             The game lasted 00:05:26 (4033 turns).

Kairos the Sneak (Vine Stalker Assassin)            Turns: 4033, Time: 00:05:27

Health: -5/35      AC:  7    Str: 14    XL:     7   Next: 6%
Magic:  0/8        EV: 10    Int: 11    God:    Uskayaw [*.....]
Gold:   166        SH:  0    Dex: 17    Spells: 6/6 levels left

rFire    + . .     SeeInvis .   a - +2 dagger
rCold    + . .     Gourm    .   (no shield)
rNeg     . . .     Faith    .   w - +1 scale mail {rPois}
rPois    +         Spirit   +   (no helmet)
rElec    .         Reflect  .   h - scarf {rC+ rF+}
rCorr    .         Harm     .   (no gloves)
MR       .....                  (no boots)
Stlth    ++........             (no amulet)
HPRegen  0.51/turn              (no ring)
MPRegen  0.11/turn              (no ring)

@: no status effects
A: fangs 2, regeneration 1, magic shield, antimagic bite, no potion heal 3, rot
immunity
a: Stomp, Renounce Religion


You were on level 4 of the Dungeon.
You worshipped Uskayaw.
Uskayaw was noncommittal.
You were not hungry.

You visited 2 branches of the dungeon, and saw 5 of its levels.

You collected 166 gold pieces.

Inventory:

Hand Weapons
 a - a +2 dagger (weapon)
 b - a +0 blowgun
 m - a +0 dagger of pain
Missiles
 e - 18 poisoned needles
 f - 2 curare-tipped needles
 i - 8 javelins (quivered)
Armour
 h - a scarf of resistance (worn)
 w - a +1 scale mail of poison resistance (worn)
Wands
 v - a wand of random effects (20)
Scrolls
 j - 5 scrolls of identify {unknown}
 k - 2 scrolls of fog {unknown}
 n - a scroll of magic mapping {unknown}
 o - a scroll of amnesia {unknown}
 q - 2 scrolls of enchant armour {unknown}
 r - a scroll of fear {unknown}
 s - 3 scrolls of teleportation {unknown}
 t - 4 scrolls of immolation {unknown}
 u - a scroll of enchant weapon {unknown}
Potions
 l - a potion of lignification {unknown}
Comestibles
 c - 2 chunks of flesh
 g - 8 rations


   Skills:
 + Level 2.9 Fighting
 + Level 3.8 Short Blades
 + Level 1.8 Throwing
 + Level 2.1 Armour
 + Level 2.0 Dodging
 + Level 6.9 Stealth


You had 6 spell levels left.
You didn't know any spells.
Your spell library contained the following spells:

 Spells                   Type           Power        Failure   Level  Hunger
 Ice Form                 Ice/Tmut       #.......     100%        4    #####..
 Metabolic Englaciation   Hex/Ice        #.........   100%        5    ######.
 Bolt of Cold             Conj/Ice       #.........   100%        6    #######
 Freezing Cloud           Conj/Ice/Air   #.........   100%        6    #######
 Ozocubu's Refrigeration  Ice            #.........   100%        6    #######
 Simulacrum               Ice/Necr       #.........   100%        6    #######


Dungeon Overview and Level Annotations

Branches:
Dungeon (4/15)             Temple (1/1) D:4

Altars:
Ashenzari
Cheibriados
Elyvilon
Fedhas
Gozag
Hepliaklqana
Kikubaaqudgha
Okawaru
Ru
Sif Muna
Trog
Uskayaw
Vehumet
Wu Jian
Xom
Yredelemnul
Zin


Innate Abilities, Weirdness & Mutations

You have extremely sharp teeth.
Your natural rate of healing is unusually fast.
When hurt, damage is shared between your health and your magic reserves.
Your bite disrupts and absorbs the magic of your enemies.
Potions cannot restore your health.
You are immune to rotting.


Message History

The gnoll sergeant hits you but does no damage.
The giant cockroach bites you but does no damage.
You barely miss the gnoll sergeant.
The gnoll sergeant is almost dead.
The gnoll sergeant hits you with a +0 trident.
* * * LOW HITPOINT WARNING * * *
The giant cockroach closely misses you.
You hit the gnoll sergeant.
You bite the gnoll sergeant, but do no damage.
The gnoll sergeant is almost dead.
The gnoll sergeant hits you with a +0 trident.
* * * LOW HITPOINT WARNING * * *
The giant cockroach bites you but does no damage.
You barely miss the gnoll sergeant.
The gnoll sergeant is almost dead.
The giant cockroach bites you but does no damage.
You hit the gnoll sergeant.
The gnoll sergeant is almost dead.
The gnoll sergeant hits you with a +0 trident!
You die...

#. #### #.# #..## #####
#.# ...# ....# #.# #sg#
....#####.## ##@# .
...........####..#....
....#####..........#
..#.#..............#
..#.#.###.#+#####....%
..#)#...........#..##.#
###.#.####......#..# #
#.######......#...
#.............# .##


You could see a gnoll sergeant and a giant cockroach.

Vanquished Creatures
  An ogre (D:4)
  A big kobold (D:3)
  A quasit (D:3)
  2 hounds (D:4)
  Ijyb (D:3)
  A worker ant (D:4)
  3 adders
  An ooze (D:4)
  An adder skeleton (D:4)
  4 worms
  4 dart slugs
  2 leopard geckos
  9 orcs
  4 giant cockroaches
  13 goblins
  9 hobgoblins
  6 jackals (D:1)
  14 kobolds
  A quokka (D:3)
  12 bats
  4 frilled lizards
  7 rats
101 creatures vanquished.

Notes
Turn   | Place    | Note
-------+----------+-------------------------------------------
     0 | D:1      | Kairos the Vine Stalker Assassin began the quest for the
                  | Orb.
     0 | D:1      | Reached XP level 1. HP: 11/11 MP: 2/2
    52 | D:1      | Reached skill level 5 in Stealth
    99 | D:1      | Reached XP level 2. HP: 13/15 MP: 3/3
   563 | D:1      | Reached XP level 3. HP: 18/18 MP: 4/4
   709 | D:1      | Reached skill level 6 in Stealth
   852 | D:1      | Reached skill level 1 in Dodging
  1747 | D:2      | Found a white marble altar of Elyvilon.
  1760 | D:2      | Gained mutation: Your natural rate of healing is unusually
                  | fast. [Vine Stalker growth]
  1760 | D:2      | Reached XP level 4. HP: 19/23 MP: 3/5
  2233 | D:3      | Reached XP level 5. HP: 23/26 MP: 6/6
  2631 | D:3      | Reached skill level 1 in Armour
  2706 | D:3      | Noticed a big kobold
  2748 | D:3      | Killed a big kobold
  2761 | D:3      | Reached XP level 6. HP: 12/32 MP: 5/7
  3196 | D:3      | Noticed Ijyb
  3201 | D:3      | Killed Ijyb
  3317 | D:4      | Found a staircase to the Ecumenical Temple.
  3380 | Temple   | Entered the Ecumenical Temple
  3591 | Temple   | Became a worshipper of Uskayaw the Reveler
  3668 | D:4      | Noticed a phantom
  3675 | D:4      | Reached * piety under Uskayaw
  3887 | D:4      | Reached ** piety under Uskayaw
  3891 | D:4      | Reached XP level 7. HP: 20/35 MP: 3/8
  3910 | D:4      | Found a radiant altar of Vehumet.
  4031 | D:4      | HP: 1/35 [gnoll sergeant/+0 trident (2)]
  4033 | D:4      | Slain by a gnoll sergeant

Skill      XL: |  1  2  3  4  5  6  7 |
---------------+----------------------+-----
Stealth        | 5 6 |  6.9
Short Blades   | 2 3 |  3.8
Dodging        | 1 2 |  2.0
Fighting       | 2 |  2.9
Armour         | 1 2 |  2.1
Throwing       | |  1.8

Action                   |  1- 3 |  4- 6 |  7- 9 || total
-------------------------+-------+-------+-------++-------
Melee: Dagger            |   123 |   291 |    44 ||   458
       Bite              |    31 |    85 |    18 ||   134
 Stab: Sleeping          |     8 |     9 |       ||    17
       Distracted        |     1 |       |       ||     1
  Eat: Chunk             |     1 |     7 |     2 ||    10
Armor: Robe              |    40 |       |       ||    40
       Ring mail         |     1 |    64 |       ||    65
       Scale mail        |       |    20 |    21 ||    41
Dodge: Dodged            |    89 |   125 |    19 ||   233
